 Dungeon Crawl Stone Soup version 0.24.0-125-gc4c63601f3 (webtiles) character file.

Game seed: 13164943171574614455, levelgen mode: deterministic

11 Curus the Slasher (level 2, -4/25 HPs)
             Began as a Minotaur Gladiator on Feb 19, 2020.
             Killed from afar by an orc wizard (9 damage)
             ... with a magic dart
             ... on level 2 of the Dungeon.
             The game lasted 00:02:04 (802 turns).

Curus the Slasher (Minotaur Gladiator)               Turns: 802, Time: 00:02:05

Health: -4/25      AC:  3    Str: 18    XL:     2   Next: 17%
Magic:  1/1        EV: 12    Int:  5    God:
Gold:   58         SH:  0    Dex: 11    Spells: 1/1 levels left

rFire    . . .     SeeInvis .   a - +1 long sword
rCold    . . .     Gourm    .   (no shield)
rNeg     . . .     Faith    .   b - +0 leather armour
rPois    .         Spirit   .   c - +0 hat
rElec    .         Reflect  .   g - scarf {repulsion}
rCorr    .         Harm     .   (no gloves)
MR       .....                  (no boots)
Stlth    +.........             (no amulet)
HPRegen  0.08/turn              (no ring)
MPRegen  0.07/turn              (no ring)

@: repel missiles
A: retaliatory headbutt, horns 2
a: no special abilities


You were on level 2 of the Dungeon.
You were not hungry.

You visited 1 branch of the dungeon, and saw 2 of its levels.

You collected 58 gold pieces.

Inventory:

Hand Weapons
 a - a +1 long sword (weapon)
Missiles
 d - 3 throwing nets (quivered)
Armour
 b - a +0 leather armour (worn)
 c - a +0 hat (worn)
 g - a scarf of repulsion (worn)
Scrolls
 h - a scroll of identify
Potions
 e - a potion of ambrosia
Comestibles
 f - 3 rations


   Skills:
 - Level 2.4 Fighting
 + Level 4.5 Long Blades
 - Level 2.0 Throwing
 - Level 3.2 Dodging


You had one spell level left.
You didn't know any spells.
Your spell library was empty.

Dungeon Overview and Level Annotations

Branches:
Dungeon (2/15)

Altars:


Innate Abilities, Weirdness & Mutations

You reflexively headbutt those who attack you in melee.
You have a pair of horns on your head.


Message History

The orc wizard gestures wildly while chanting.
The orc wizard blinks!
Something hits you.
You barely miss something. The orc priest closely misses you.
Something hits you. The orc priest misses you.
You hit something. Your headbutt misses something. Something hits you.
The orc priest invokes the aid of Beogh against you.
Beogh smites you!
* * * LOW HITPOINT WARNING * * *
The ooze misses you. Something hits you but does no damage.
A frilled lizard comes into view.
The frilled lizard hisses angrily.
A hobgoblin comes into view. It is wielding a +0 club.
The ooze misses you. You furiously retaliate!
You headbutt the ooze!
The hobgoblin shouts!
You see here 10 gold pieces.
A quokka comes into view.
A magic dart appears from out of thin air!
The magic dart hits you!
You die...

## ## ... ##.
...######..
..........
.........
......o.#
.......{#########
...###.J.o..l....
#.##@..##...
#.....g..... .#.#
#...###....r
....#
#.#...##...#
..... ##.###.#
...# .....####.>#
.# ###
#......#...## .
....>....##### .
....<........#


You could see an orc priest, an orc wizard, an ooze, a quokka (wandering), a
hobgoblin and a frilled lizard.

Vanquished Creatures
  A leopard gecko (D:1)
  A ball python (D:1)
  3 goblins
  A hobgoblin (D:1)
  A kobold (D:1)
  3 rats
10 creatures vanquished.

Notes
Turn   | Place    | Note
-------+----------+-------------------------------------------
     0 | D:1      | Curus the Minotaur Gladiator began the quest for the Orb.
     0 | D:1      | Reached XP level 1. HP: 18/18 MP: 0/0
     1 | D:1      | Noticed an electric eel
   262 | D:1      | Reached skill level 4 in Long Blades
   517 | D:1      | Reached XP level 2. HP: 25/25 MP: 1/1
   802 | D:2      | Killed from afar by an orc wizard

Levels and vault maps discovered:
D:1:      arrival_aquarium_a, layout_loops_ring
D:2:      layout_rooms, kiku_gazebo_pond_becter, serial_forest,
          infiniplex_forest_side_room, infiniplex_forest_lined_2,
          infiniplex_forest_side_room, infiniplex_forest_clump_diagonal,
          infiniplex_forest_clump_curved, uniq_crazy_yiuf_cottage, uniq_robin

Skill      XL: |  1 |
---------------+----+-----
Long Blades    | 4 |  4.5
Fighting       | |  2.4
Throwing       | |  2.0
Dodging        | |  3.2

Action                   || total
-------------------------++-------
Melee: Long sword        ||    21
       Headbutt          ||     4
  Use: Scroll            ||     4
       Potion            ||     1
Armor: Leather armour    ||     2
Dodge: Dodged            ||     8
